 Dungeon Crawl Stone Soup version 0.18.1-8-gdd0e5ea (console) character file.

393 Kloppie the Skirmisher (level 6, -3/57 HPs)
             Began as a Hill Orc Fighter on May 29, 2016.
             Slain by a wasp (8 damage)
             ... while paralysed by a wasp
             ... on level 4 of the Dungeon.
             The game lasted 00:05:51 (3300 turns).

Kloppie the Skirmisher (Hill Orc Fighter)           Turns: 3300, Time: 00:05:52

Health: -3/57      AC: 11    Str: 19    XL:     6   Next: 81%
Magic:  6/6        EV:  2    Int:  8    God:
Gold:   181        SH:  0    Dex: 12    Spells: 0 memorised, 5 levels left

rFire  . . .     SeeInvis .     a - +0 long sword
rCold  . . .     Gourm    .     b - +0 scale mail
rNeg   . . .     Faith    .     c - +0 shield
rPois  .         Spirit   .     x - +0 helmet
rElec  .         Dismiss  .     (no cloak)
rCorr  .         Reflect  .     y - +0 pair of gloves
SustAt .         Harm     .     (no boots)
MR     .....                    (no amulet)
Stlth  ..........               B - ring of loudness (curse)
                                m - +2 ring of protection

@: paralysed, lethally poisoned (-3 -> -5), slowed, not resistant to hostile
enchantments, extremely unstealthy
A: no striking features
a: no special abilities


You were on level 4 of the Dungeon.
You were not hungry.

You visited 1 branch of the dungeon, and saw 4 of its levels.

You collected 181 gold pieces.

Inventory:

Hand Weapons
 a - a +0 long sword (weapon)
Armour
 b - a +0 scale mail (worn)
 c - a +0 shield (worn)
 x - a +0 helmet (worn)
 y - a +0 pair of gloves (worn)
Jewellery
 m - a +2 ring of protection (left hand)
 n - an uncursed ring of stealth
 B - a cursed ring of loudness (right hand)
Wands
 z - a wand of slowing (24/48)
Scrolls
 e - a scroll of blinking
 w - a scroll of magic mapping
Potions
 d - 2 potions of might
 i - 2 potions of heal wounds
 j - a potion of brilliance
 k - a potion of curing
 o - a potion of agility
 r - a potion of ambrosia {unknown}
 u - 2 potions of lignification {unknown}
 v - 2 potions of resistance {unknown}
 A - a potion of flight {unknown}
 D - a potion of invisibility {unknown}
Comestibles
 f - 4 bread rations
 g - a slice of pizza
 h - 2 fruits
 l - a royal jelly
 p - 2 chunks of flesh
 q - a beef jerky
 s - 2 meat rations


   Skills:
 + Level 5.8 Fighting
 + Level 4.8 Long Blades
 + Level 5.4 Armour
 - Level 3.2 Shields


You had 5 spell levels left.
You didn't know any spells.

Dungeon Overview and Level Annotations

Branches:
Dungeon (4/15)
 Temple: D:4-7

Altars:
Elyvilon
Fedhas
Kikubaaqudgha
Trog


Message History

The wasp is severely wounded.
You feel sick. The wasp stings you but does no damage.
The wasp barely misses you.
You hit the wasp but do no damage.
The wasp is severely wounded.
The wasp stings you.
* * * LOW HITPOINT WARNING * * *
You feel yourself slow down. You block the wasp's attack.
You hit the wasp but do no damage.
The wasp is severely wounded.
You feel yourself speed up.
You feel sick. The wasp stings you.
* * * LOW HITPOINT WARNING * * *
You suddenly lose the ability to move!
The wasp stings you.
* * * LOW HITPOINT WARNING * * *
You feel yourself slow down. The wasp stings you but does no damage.
The wasp stings you!
* * * LOW HITPOINT WARNING * * *
The wasp stings you!
You die...

**************** **** #####
*,,,,,,,,#.....########*,,**#....
*,,,,,,,,#............#.....#....
*,,,,,,,<#............#.....#....
*,,,,,,,,#............#.....#....
*,,,,,,,,#............#.....#...<
*,>,,,,,,#............#.....#....
*,,,,,,,,#............#.....#....
*,,,,,,,,+.....y@.....#.....#....
*,,,,,,,,##....####'####'####....
****+*****#...,*#...(............
*,,,,,,,....,,,#..).............
*,,,,,,,...,,,,#................
*,,,,,,,..,,,,,+................
*,,,,,,,.,,,,,,#................
*,,,,,,,,,,,,,,#................
*,,,,,,,,,,,,,,#......##########


You could see a wasp.

Vanquished Creatures
  An orc warrior (D:4)
  An orc priest (D:4)
  2 orc wizards (D:4)
  Ijyb (D:3)
  A worker ant (D:3)
  The ghost of greebdork the Digger, a weakling FoEE (D:3)
  9 adders
  An adder zombie (D:4)
  4 giant geckos
  7 orcs
  5 bats
  5 giant cockroaches
  7 goblins
  5 hobgoblins
  2 jackals (D:2)
  5 kobolds
  3 ball pythons (D:3)
  5 giant newts
  4 rats
69 creatures vanquished.

Notes
Turn   | Place    | Note
--------------------------------------------------------------
     0 | D:1      | Kloppie the Hill Orc Fighter began the quest for the Orb.
     0 | D:1      | Reached XP level 1. HP: 19/19 MP: 1/1
   181 | D:1      | Reached XP level 2. HP: 27/27 MP: 2/2
   664 | D:2      | Found a bloodstained altar of Trog.
   670 | D:2      | Reached XP level 3. HP: 28/33 MP: 3/3
   995 | D:2      | Found a blossoming altar of Fedhas.
   995 | D:2      | Found an ancient bone altar of Kikubaaqudgha.
  1081 | D:2      | Found a white marble altar of Elyvilon.
  1148 | D:2      | Reached XP level 4. HP: 41/41 MP: 4/4
  1585 | D:3      | Noticed greebdork's ghost (weakling FoEE)
  1597 | D:3      | Killed greebdork's ghost
  1931 | D:3      | Reached XP level 5. HP: 13/47 MP: 5/5
  2372 | D:3      | Noticed Ijyb
  2381 | D:3      | Killed Ijyb
  2396 | D:3      | Reached skill level 5 in Fighting
  2784 | D:4      | Reached skill level 5 in Armour
  2793 | D:4      | Noticed an orc warrior
  2806 | D:4      | Killed an orc warrior
  2806 | D:4      | Reached XP level 6. HP: 23/56 MP: 6/6
  3283 | D:4      | Noticed a wasp
  3298 | D:4      | Paralysed by a wasp for 3 turns
  3300 | D:4      | Slain by a wasp

Skill      XL: |  1  2  3  4  5 |
---------------+----------------+-----
Fighting       | 4 5 |  5.8
Long Blades    | 3 4 |  4.8
Armour         | 4 5 |  5.4
Shields        | |  3.2

Action                   |  1- 3 |  4- 6 || total
-------------------------+-------+-------++-------
Melee: Long sword        |    90 |   210 ||   300
  Use: Scroll            |       |    10 ||    10
       Potion            |       |     1 ||     1
  Eat: Chunk             |     1 |     7 ||     8
Armor: Scale mail        |    47 |   122 ||   169
Dodge: Dodged            |    31 |    67 ||    98
Block: Shield            |    53 |   118 ||   171
